 Dungeon Sprint DCSS version 0.24-a0-458-gfcb5e6da0e (webtiles) character file.

Game seed: 9781213492027534542

11300000 epen the Swordmaster (level 27, -41/249 HPs)
             Began as a Demonspawn Gladiator on June 26, 2019.
             Was the Champion of Makhleb.
             Annihilated by a meat berserker
             ... wielding a +9 battleaxe
              (67 damage)
             ... in the Dungeon (Sprint VIII: "Arena of Blood").
             The game lasted 00:02:44 (113 turns).

epen the Swordmaster (Demonspawn Gladiator)          Turns: 113, Time: 00:02:44

Health: -41/249    AC: 10    Str: 24    XL:     27
Magic:  0/54       EV: 32    Int: 12    God:    Makhleb [******]
Gold:   0          SH:  0    Dex: 16    Spells: 80/80 levels left

rFire    + . .     SeeInvis +   l - +∞ Axe of Woe
rCold    . . .     Gourm    .   (shield currently unavailable)
rNeg     . . .     Faith    .   b - +0 leather armour
rPois    .         Spirit   +   (helmet unavailable)
rElec    .         Reflect  .   (no cloak)
rCorr    .         Harm     .   (no gloves)
MR       ++...     NoTele   +   (no boots)
Stlth    +++++++++.             (no amulet)
HPRegen  12.51/turn             (no ring)
MPRegen  0.68/turn              (no ring)

@: no status effects
A: antennae 3, molten scales 3, powered by death 3, augmentation 3, magic
shield, magic regeneration, magic link
a: Minor Destruction, Lesser Servant of Makhleb, Major Destruction, Greater
Servant of Makhleb, Renounce Religion


You were in the Dungeon.
You worshipped Makhleb.
Makhleb was exalted by your worship.
You were not hungry.

You visited 1 branch

Inventory:

Hand Weapons
 a - a +0 long sword
 l - the +∞ Axe of Woe (weapon)
   (You found it in the Dungeon)
Missiles
 d - 3 throwing nets (quivered)
Armour
 b - a +0 leather armour (worn)
 c - a +0 helmet
Scrolls
 k - a scroll of blinking
Potions
 g - a potion of heal wounds
 h - a potion of haste
 i - 2 potions of magic
 j - a potion of berserk rage
Comestibles
 f - a ration


   Skills:
 O Level 27 Fighting
 O Level 27 Long Blades
 O Level 27 Axes
 O Level 27 Throwing
 O Level 27 Armour
 O Level 27 Dodging
 O Level 27 Stealth
 O Level 27 Unarmed Combat
 O Level 27 Spellcasting
 O Level 27 Invocations


You had 80 spell levels left.
You didn't know any spells.
Your spell library was empty.

Dungeon Overview and Level Annotations

Branches:
Dungeon (1/1)

Altars:
Makhleb


Innate Abilities, Weirdness & Mutations

You have a pair of large antennae on your head. (SInv)
You are completely covered in molten scales. (AC +4, rF+)
You regenerate a lot of health from kills.
Your magical and physical power is greatly enhanced at high health.
When hurt, damage is shared between your health and your magic reserves.
You regenerate magic rapidly.
When low on magic, you restore magic in place of health.


Message History

Your body is wracked with pain!
The bag of meat convulses! x2
The meat berserker convulses!
The eight-headed meat hydra convulses!
You hear a trumpeting!
You hear a shout! x3
You hear a shout! x3
The accursed casts a spell at you. Something smites you!
* * * LOW HITPOINT WARNING * * *
You hear a shout! x2
The dread calls on the powers of darkness!
The meat berserker convulses!
Your body is wracked with pain!
* * * LOW HITPOINT WARNING * * *
You hear a shout!
The eight-headed meat hydra calls on the powers of darkness!
The eight-headed meat hydra convulses!
The bag of meat convulses! x2
The eight-headed meat hydra convulses!
The meat berserker convulses!
Your body is wracked with pain!
* * * LOW HITPOINT WARNING * * *
You hear a shout! x3
The meat berserker hits you with a +9 battleaxe!!!!
You die... ...... {{{ W.%.. .{ {{ #.... .# O{{

#... ..#
O{{###... ..###.
O{{.....###.%....
#{{....M._......
{{ #O).%.# {{ {
#@)<._# #))...#
..2WO_.%....
....D.###......
..###... ..###. {
{


#Moo ..# {#L%% { .# D.... .. You could see 2 accurseds, a meat beast, a tyrant,
2 eight-headed meat hydras, 2 dreads, 2 meat berserkers and 2 bags of meat.

Vanquished Creatures
  7 hell beasts (D)
  A greater mummy (D)
  A great orb of eyes (D)
  2 wraiths (D)
  13 vampire knights (D)
  25 ogres (D)
  7 two-headed ogres (D)
  5 liches (D)
  2 hydras (D)
  24 orcs (D)
  2 phantoms (D)
  3 skeletal warriors (D)
  2 sea snakes (D)
  3 large abominations (D)
  3 crawling corpses (D)
100 creatures vanquished.

Notes
Turn   | Place    | Note
-------+----------+-------------------------------------------
     0 | D        | Found the +∞ Axe of Woe
     0 | D        | epen the Demonspawn Gladiator began the quest for the Orb.
     0 | D        | Reached XP level 1. HP: 16/16 MP: 1/1
     0 | D        | Noticed a bag of meat
     4 | D        | Became a worshipper of Makhleb the Destroyer
     4 | D        | Noticed a meat berserker
     5 | D        | Noticed a bag of meat
     5 | D        | Noticed a bag of meat
     7 | D        | Noticed a bag of meat
     7 | D        | Noticed a bag of meat
     8 | D        | Killed a bag of meat
     8 | D        | Reached skill level 10 in Fighting
     8 | D        | Gained mutation: You have a pair of small antennae on your
                  | head. [demonic ancestry]
     8 | D        | Reached XP level 2. HP: 36/36 MP: 2/2
     8 | D        | Reached XP level 3. HP: 42/42 MP: 3/3
     8 | D        | Reached XP level 4. HP: 49/49 MP: 4/4
     8 | D        | Gained mutation: You have a pair of antennae on your head.
                  | [demonic ancestry]
     8 | D        | Reached XP level 5. HP: 54/54 MP: 5/5
     8 | D        | Gained mutation: You have a pair of large antennae on your
                  | head. (SInv) [demonic ancestry]
     8 | D        | Reached XP level 6. HP: 61/61 MP: 6/6
     8 | D        | Gained mutation: You regenerate a little health from kills.
                  | [demonic ancestry]
     8 | D        | Reached XP level 7. HP: 67/67 MP: 7/7
     8 | D        | Reached XP level 8. HP: 74/74 MP: 8/8
     8 | D        | Gained mutation: When hurt, damage is shared between your
                  | health and your magic reserves. [demonic ancestry]
     8 | D        | Reached XP level 9. HP: 79/79 MP: 9/9
     8 | D        | Gained mutation: You are partially covered in molten
                  | scales. (AC +2) [demonic ancestry]
     8 | D        | Reached XP level 10. HP: 86/86 MP: 10/10
     8 | D        | Gained mutation: You regenerate health from kills. [demonic
                  | ancestry]
     8 | D        | Reached XP level 11. HP: 92/92 MP: 11/11
     8 | D        | Noticed a meat berserker
     9 | D        | Killed a meat berserker
     9 | D        | Reached * piety under Makhleb
     9 | D        | Gained mutation: You are mostly covered in molten scales.
                  | (AC +3) [demonic ancestry]
     9 | D        | Reached XP level 12. HP: 64/105 MP: 7/12
     9 | D        | Reached XP level 13. HP: 68/111 MP: 7/13
     9 | D        | Noticed a meat berserker
     9 | D        | Noticed a bag of meat
    10 | D        | Killed a bag of meat
    10 | D        | Reached skill level 1 in Armour
    10 | D        | Reached XP level 14. HP: 73/121 MP: 6/14
    10 | D        | Killed a bag of meat
    10 | D        | Reached skill level 15 in Fighting
    11 | D        | Killed a bag of meat
    11 | D        | Reached ** piety under Makhleb
    11 | D        | Reached skill level 10 in Axes
    11 | D        | Gained mutation: Your magical and physical power is
                  | slightly enhanced at high health. [demonic ancestry]
    11 | D        | Reached XP level 15. HP: 130/130 MP: 6/15
    11 | D        | Noticed a large bag of meat
    12 | D        | Killed a meat berserker
    12 | D        | Killed a meat berserker
    12 | D        | Reached skill level 15 in Throwing
    12 | D        | Reached skill level 5 in Armour
    12 | D        | Gained mutation: You are completely covered in molten
                  | scales. (AC +4, rF+) [demonic ancestry]
    12 | D        | Reached XP level 16. HP: 144/144 MP: 4/16
    13 | D        | Reached *** piety under Makhleb
    13 | D        | Reached skill level 15 in Axes
    14 | D        | Gained mutation: You regenerate a lot of health from kills.
                  | [demonic ancestry]
    14 | D        | Reached XP level 17. HP: 153/153 MP: 5/17
    15 | D        | Reached skill level 27 in Long Blades
    15 | D        | Reached skill level 27 in Dodging
    15 | D        | Noticed a meat berserker
    17 | D        | Killed a large bag of meat
    17 | D        | Reached **** piety under Makhleb
    18 | D        | Reached XP level 18. HP: 171/171 MP: 5/18
    18 | D        | Noticed a meat berserker
    19 | D        | Noticed a large bag of meat
    20 | D        | Killed a meat berserker
    21 | D        | Killed a meat berserker
    21 | D        | Reached XP level 19. HP: 187/187 MP: 5/19
    24 | D        | Killed a large bag of meat
    24 | D        | Reached ***** piety under Makhleb
    24 | D        | Reached skill level 27 in Fighting
    24 | D        | Reached skill level 27 in Axes
    24 | D        | Reached skill level 15 in Armour
    24 | D        | Noticed a large bag of meat
    26 | D        | Noticed a destroyer
    28 | D        | Noticed an eight-headed meat hydra
    29 | D        | Killed a destroyer
    29 | D        | Reached skill level 27 in Throwing
    29 | D        | Gained mutation: Your magical and physical power is
                  | enhanced at high health. [demonic ancestry]
    29 | D        | Reached XP level 20. HP: 197/197 MP: 4/20
    29 | D        | Reached skill level 27 in Armour
    30 | D        | Reached skill level 5 in Stealth
    30 | D        | Reached skill level 5 in Unarmed Combat
    30 | D        | Reached skill level 5 in Spellcasting
    31 | D        | Killed a nine-headed meat hydra
    31 | D        | Noticed a destroyer
    32 | D        | Killed a large bag of meat
    32 | D        | Reached ****** piety under Makhleb
    32 | D        | Reached skill level 10 in Unarmed Combat
    32 | D        | Reached skill level 10 in Spellcasting
    32 | D        | Noticed a large bag of meat
    33 | D        | Noticed a meat berserker
    34 | D        | Killed a destroyer
    34 | D        | Reached skill level 15 in Unarmed Combat
    34 | D        | Reached skill level 15 in Spellcasting
    34 | D        | Gained mutation: You regenerate magic rapidly. [demonic
                  | ancestry]
    34 | D        | Reached XP level 21. HP: 204/204 MP: 3/40
    36 | D        | Noticed a destroyer
    36 | D        | Noticed a destroyer
    37 | D        | Killed a large bag of meat
    37 | D        | Noticed a destroyer
    38 | D        | Reached XP level 22. HP: 212/212 MP: 4/45
    39 | D        | Killed a destroyer
    39 | D        | Reached skill level 27 in Invocations
    40 | D        | Killed a destroyer
    43 | D        | Killed a destroyer
    43 | D        | Reached skill level 27 in Stealth
    43 | D        | Reached XP level 23. HP: 219/219 MP: 5/53
    44 | D        | Noticed a tyrant
    44 | D        | Noticed a destroyer
    45 | D        | Reached skill level 27 in Unarmed Combat
    45 | D        | Reached skill level 27 in Spellcasting
    47 | D        | Killed a destroyer
    47 | D        | Reached XP level 24. HP: 227/227 MP: 6/54
    48 | D        | Noticed a large bag of meat
    48 | D        | Noticed a destroyer
    50 | D        | Killed a tyrant
    50 | D        | Noticed a destroyer
    51 | D        | Killed a large bag of meat
    53 | D        | Killed a destroyer
    53 | D        | Gained mutation: Your magical and physical power is greatly
                  | enhanced at high health. [demonic ancestry]
    53 | D        | Reached XP level 25. HP: 234/234 MP: 5/54
    55 | D        | Noticed a large bag of meat
    58 | D        | Noticed a meat beast
    58 | D        | Noticed a tyrant
    59 | D        | Killed a meat beast
    59 | D        | Reached XP level 26. HP: 242/242 MP: 7/54
    59 | D        | Noticed a large bag of meat
    63 | D        | Killed a large bag of meat
    63 | D        | Noticed a tyrant
    65 | D        | Killed a tyrant
    65 | D        | Gained mutation: When low on magic, you restore magic in
                  | place of health. [demonic ancestry]
    65 | D        | Reached XP level 27. HP: 249/249 MP: 7/54
    66 | D        | Noticed a meat beast
    68 | D        | Killed a large bag of meat
    68 | D        | Killed a meat beast
    68 | D        | Noticed a destroyer
    68 | D        | Noticed a destroyer
    69 | D        | Noticed a meat beast
    70 | D        | Noticed a meat beast
    72 | D        | Killed a tyrant
    72 | D        | Killed a meat beast
    74 | D        | Noticed a dread
    75 | D        | Killed a meat beast
    76 | D        | Noticed a destroyer
    77 | D        | Killed a destroyer
    77 | D        | Noticed a meat beast
    78 | D        | Noticed a meat beast
    79 | D        | Killed a dread
    80 | D        | Killed a destroyer
    83 | D        | Killed a destroyer
    84 | D        | Killed a meat beast
    85 | D        | Noticed a meat beast
    87 | D        | Noticed a destroyer
    88 | D        | Killed a meat beast
    88 | D        | Noticed a destroyer
    89 | D        | Killed a destroyer
    93 | D        | Killed a destroyer
    94 | D        | Noticed a dread
    94 | D        | Noticed an accursed
    94 | D        | Noticed a dread
    94 | D        | Noticed an accursed
    94 | D        | Noticed a destroyer
    96 | D        | Noticed a dread
    96 | D        | Noticed a tyrant
    97 | D        | Killed a destroyer
    97 | D        | Noticed a meat beast
    97 | D        | Noticed a tyrant
   101 | D        | Noticed an accursed
   102 | D        | Killed a meat beast
   103 | D        | Killed a dread
   104 | D        | Killed a tyrant
   105 | D        | Noticed an accursed
   106 | D        | Killed a tyrant
   106 | D        | Killed an accursed
   110 | D        | Noticed a meat beast
   110 | D        | Noticed a dread
   111 | D        | Noticed a tyrant
   113 | D        | Annihilated by a meat berserker

Levels and vault maps discovered:
D:        meatsprint

Skill      XL: |  1  2  3  4  5  6  7  8  9 10 11 12 13 14 15 16 17 18 19 20 21 22 23 |
---------------+----------------------------------------------------------------------+-----
Fighting       | 10 13 14 15 18 19 23 26 27 | 27.0
Long Blades    | 16 19 20 22 25 26 27 | 27.0
Axes           | 3 6 8 10 14 16 21 26 27 | 27.0
Throwing       | 9 12 14 15 16 18 20 27 | 27.0
Dodging        | 16 19 21 22 25 26 27 | 27.0
Armour         | 1 2 5 6 9 12 25 27 | 27.0
Stealth        | 16 20 27 | 27.0
Unarmed Combat | 15 19 26 27 | 27.0
Spellcasting   | 15 19 26 27 | 27.0
Invocations    | 20 25 27 | 27.0

Action                   |  1- 3 |  4- 6 |  7- 9 | 10-12 | 13-15 | 16-18 | 19-21 | 22-24 | 25-27 || total
-------------------------+-------+-------+-------+-------+-------+-------+-------+-------+-------++-------
Melee: Executioner's axe |     1 |       |       |     1 |     3 |     7 |    11 |    11 |    39 ||    73
  Use: Potion            |       |       |       |       |       |       |       |       |     1 ||     1
Armor: Leather armour    |       |       |       |       |       |       |       |       |     1 ||     1
Dodge: Dodged            |       |       |       |       |       |       |       |     1 |     1 ||     2

Table legend:
 A = Non-vault XP
 B = Vault XP
 C = Vault XP percentage of total XP
 D = Non-vault monster count
 E = Vault monster count
 F = Vault count percentage of total count
                 A         B        C        D         E       F
            +---------+---------+-------+---------+---------+-------
      Total | 2921472 |  559602 |  16.1 |      67 |      30 |  30.9
            +---------+---------+-------+---------+---------+-------
          D | 2921472 |  559602 |  16.1 |      67 |      30 |  30.9
            +---------+---------+-------+---------+---------+-------
